[Event "ICC tourney 2556 (25 5)"]
[Site "Internet Chess Club"]
[Date "2021.05.08"]
[Round "4"]
[White "PUROHIT, VIHAAN:K05-16766058"]
[Black "BALIGAR, SELENA:K05-16364746"]
[Result "1-0"]
[ICCResult "Black checkmated"]
[WhiteElo "1193"]
[BlackElo "635"]
[Opening "Scandinavian (center counter) defense"]
[ECO "B01"]
[NIC "VO.17"]
[Time "17:32:15"]
[PlyCount "37"]
[TimeControl "1500+5"]

1. e4 d5 2. exd5 Qxd5 3. Nf3 Bg4 4. Be2 Bxf3 5. Bxf3 Nf6 6. Bxd5 Nxd5 7.
Qf3 e6 8. O-O Bc5 9. Re1 Nc6 10. Qxd5 b6 11. Qxc6+ Ke7 12. Qxc7+ Ke8 13.
Nc3 f6 14. Qxg7 Rf8 15. Rxe6+ Kd8 16. Nd5 Bxf2+ 17. Kxf2 Rf7 18. Qxf7 a5
19. Qc7# { Black checkmated } 1-0

[Event "ICC tourney 2556 (25 5)"]
[Site "Internet Chess Club"]
[Date "2021.05.08"]
[Round "4"]
[White "XIE, ANDREW:K05-16610874"]
[Black "DAS, AISHANI:K05-17316275"]
[Result "0-1"]
[ICCResult "White checkmated"]
[WhiteElo "834"]
[BlackElo "469"]
[Opening "French: advance variation"]
[ECO "C02"]
[NIC "FR.03"]
[Time "17:32:32"]
[PlyCount "34"]
[TimeControl "1500+5"]

1. e4 e6 2. d4 d5 3. e5 c5 4. c3 Qb6 5. Nf3 Nc6 6. Be3 Qxb2 7. Nbd2 cxd4 8.
cxd4 f6 9. exf6 Nxf6 10. Bd3 e5 11. dxe5 Nxe5 12. Rb1 Nxd3+ 13. Ke2 Qc3 14.
Bd4 Nf4+ 15. Ke1 Qd3 16. Qa4+ Bd7 17. Qb3 Qe2# { White checkmated } 0-1

[Event "ICC tourney 2556 (25 5)"]
[Site "Internet Chess Club"]
[Date "2021.05.08"]
[Round "4"]
[White "PIERRE LOUIS, ELANA:K05-17258051"]
[Black "JAIN, RAYAN:K05-17009798"]
[Result "0-1"]
[ICCResult "White checkmated"]
[WhiteElo "341"]
[BlackElo "829"]
[Opening "Bishop's opening"]
[ECO "C23"]
[NIC "IG.04"]
[Time "17:32:02"]
[PlyCount "48"]
[TimeControl "1500+5"]

1. e4 e5 2. Bc4 Nc6 3. Qf3 Nf6 4. d3 Nd4 5. Qd1 Bc5 6. f3 O-O 7. Qd2 Nc6 8.
Qf2 Bxf2+ 9. Ke2 d5 10. Kxf2 dxc4 11. dxc4 Nd4 12. Nd2 Nxc2 13. Rb1 Qd4+
14. Ke2 Qe3+ 15. Kd1 Rd8 16. b3 Qd3 17. Rb2 Ne3+ 18. Ke1 Nxg2+ 19. Kf2 Nf4
20. Nf1 Bh3 21. Nd2 Qd4+ 22. Ke1 Qe3+ 23. Kd1 Nd3 24. Rc2 Qe1# { White
checkmated } 0-1

[Event "ICC tourney 2556 (25 5)"]
[Site "Internet Chess Club"]
[Date "2021.05.08"]
[Round "4"]
[White "KEEL, MYLAN:K05-17256996"]
[Black "KHAN, ARMAAN:K05-16945063"]
[Result "0-1"]
[ICCResult "White checkmated"]
[WhiteElo "189"]
[BlackElo "659"]
[Opening "Queen's pawn game"]
[ECO "D00"]
[NIC "QP.08"]
[Time "17:33:40"]
[PlyCount "28"]
[TimeControl "1500+5"]

1. d4 d5 2. e3 Nc6 3. Nf3 Nf6 4. Nc3 e6 5. Bb5 Bd7 6. O-O Bd6 7. Ne5 Bxe5
8. dxe5 Nxe5 9. Bxd7+ Qxd7 10. e4 dxe4 11. Qe1 O-O 12. Bg5 Qd6 13. Bxf6 Ng4
14. Nb5 Qxh2# { White checkmated } 0-1

[Event "ICC tourney 2556 (25 5)"]
[Site "Internet Chess Club"]
[Date "2021.05.08"]
[Round "4"]
[White "MACRAE RUML, HUGH:K05-30130694"]
[Black "SI YUAN SHEN, DANIEL:K05-30129382"]
[Result "0-1"]
[ICCResult "White checkmated"]
[WhiteElo "206"]
[BlackElo "791"]
[Opening "Sicilian defense"]
[ECO "B20"]
[NIC "SI.48"]
[Time "17:33:32"]
[PlyCount "42"]
[TimeControl "1500+5"]

1. e4 c5 2. Qh5 d6 3. e5 dxe5 4. Qxe5 e6 5. Bb5+ Bd7 6. Bxd7+ Qxd7 7. Qe4
Nf6 8. Qe2 Bd6 9. Nf3 O-O 10. Ne5 Bxe5 11. Qxe5 b6 12. Qe3 Ng4 13. Qf3 e5
14. Qxa8 Nc6 15. Qxf8+ Kxf8 16. f3 Nf6 17. O-O Qd4+ 18. Rf2 e4 19. fxe4
Nxe4 20. c3 Qxf2+ 21. Kh1 Qf1# { White checkmated } 0-1

[Event "ICC tourney 2556 (25 5)"]
[Site "Internet Chess Club"]
[Date "2021.05.08"]
[Round "4"]
[White "JAICHAND, RISHAB:K05-16786245"]
[Black "BIRD, BRIAN:K05-15768143"]
[Result "0-1"]
[ICCResult "White checkmated"]
[WhiteElo "1188"]
[BlackElo "1530"]
[Opening "Caro-Kann: Forgács variation"]
[ECO "B15"]
[NIC "CK.06"]
[Time "17:33:13"]
[PlyCount "44"]
[TimeControl "1500+5"]

1. e4 c6 2. d4 d5 3. Nc3 dxe4 4. Nxe4 Nf6 5. Nxf6+ exf6 6. Bc4 Bd6 7. Nf3
O-O 8. O-O Qc7 9. h3 Nd7 10. Be3 Nb6 11. Bb3 Bf5 12. Nh4 Be4 13. f3 Bd5 14.
Bxd5 Nxd5 15. Qe1 Rae8 16. Nf5 Nxe3 17. Nxe3 Bf4 18. Kh1 Bxe3 19. Qc3 Qg3
20. Rae1 Bf4 21. Kg1 Qh2+ 22. Kf2 Bg3# { White checkmated } 0-1

[Event "ICC tourney 2556 (25 5)"]
[Site "Internet Chess Club"]
[Date "2021.05.08"]
[Round "4"]
[White "VARMA, ISHAN:K05-16055185"]
[Black "RALLABANDI, SAHASRA:K05-16751997"]
[Result "0-1"]
[ICCResult "White checkmated"]
[WhiteElo "931"]
[BlackElo "1336"]
[Opening "Giuoco Piano"]
[ECO "C54"]
[NIC "IG.02"]
[Time "17:33:05"]
[PlyCount "36"]
[TimeControl "1500+5"]

1. e4 e5 2. Nf3 Nc6 3. Bc4 Bc5 4. c3 Nf6 5. d4 exd4 6. cxd4 Bb4+ 7. Bd2
Bxd2+ 8. Nbxd2 d5 9. exd5 Nxd5 10. Bxd5 Qxd5 11. Qe2+ Be6 12. Nb3 O-O-O 13.
O-O Bg4 14. Rfd1 Rhe8 15. Nc5 Rxe2 16. Ne5 Nxe5 17. dxe5 Qxd1+ 18. Rxd1
Rxd1# { White checkmated } 0-1

[Event "ICC tourney 2556 (25 5)"]
[Site "Internet Chess Club"]
[Date "2021.05.08"]
[Round "4"]
[White "BABLANI, ARNAV:K05-16018565"]
[Black "AMBIL, ANKITH:K05-30069257"]
[Result "1-0"]
[ICCResult "Black resigns"]
[WhiteElo "909"]
[BlackElo "100"]
[Opening "King's pawn game"]
[ECO "C21"]
[NIC "KP.10"]
[Time "17:34:37"]
[PlyCount "24"]
[TimeControl "1500+5"]

1. e4 e5 2. d4 d5 3. dxe5 dxe4 4. Qxd8+ Kxd8 5. Nc3 Nc6 6. Bf4 Bc5 7. Nxe4
Nxe5 8. Bxe5 f6 9. O-O-O+ Bd7 10. Nxc5 b6 11. Nxd7 Kc8 12. Ba6+ Kd8 { Black
resigns } 1-0

[Event "ICC tourney 2556 (25 5)"]
[Site "Internet Chess Club"]
[Date "2021.05.08"]
[Round "4"]
[White "STEPHEN CAMERON, KYLE:K05-16158046"]
[Black "SCHMELZER, ZACHARY:K05-16849843"]
[Result "0-1"]
[ICCResult "White checkmated"]
[WhiteElo "1144"]
[BlackElo "620"]
[Opening "Bishop's opening"]
[ECO "C23"]
[NIC "IG.04"]
[Time "17:34:37"]
[PlyCount "54"]
[TimeControl "1500+5"]

1. e4 e5 2. Bc4 Nc6 3. Qh5 g6 4. Qf3 Nf6 5. d3 Bg7 6. Bg5 O-O 7. Nc3 h6 8.
Bh4 g5 9. Bg3 d6 10. Nge2 Nd4 11. Nxd4 exd4 12. Nd5 c6 13. Nxf6+ Bxf6 14.
O-O-O g4 15. Qf4 Bg5 16. Bxf7+ Rxf7 17. Qxg5+ hxg5 18. e5 dxe5 19. Bxe5 Qd5
20. f4 gxf4 21. Bxf4 Rxf4 22. h4 Kh8 23. h5 g3 24. h6 Bg4 25. Rde1 Qxa2 26.
h7 Rf2 27. Ref1 Qa1# { White checkmated } 0-1

[Event "ICC tourney 2556 (25 5)"]
[Site "Internet Chess Club"]
[Date "2021.05.08"]
[Round "4"]
[White "TCHENG, GENE:K05-16951443"]
[Black "JARQUIN, SEAN:K05-17258072"]
[Result "1-0"]
[ICCResult "Black checkmated"]
[WhiteElo "769"]
[BlackElo "223"]
[Opening "Scotch: Pulling counter-attack"]
[ECO "C45"]
[NIC "SO.04"]
[Time "17:34:16"]
[PlyCount "47"]
[TimeControl "1500+5"]

1. e4 e5 2. Nf3 Nc6 3. d4 exd4 4. Nxd4 Qh4 5. Nxc6 dxc6 6. Nc3 Bb4 7. Qd3
Qf6 8. Bd2 Bxc3 9. Bxc3 Qd6 10. Qxd6 cxd6 11. Bxg7 Bd7 12. Bxh8 Nf6 13.
Bxf6 Bg4 14. f3 Bh5 15. O-O-O h6 16. Rxd6 Bg6 17. Bc4 b5 18. Bb3 a5 19. a3
a4 20. Ba2 h5 21. Rxc6 h4 22. Rd1 Kf8 23. Ra6 Rxa6 24. Rd8# { Black
checkmated } 1-0

[Event "ICC tourney 2556 (25 5)"]
[Site "Internet Chess Club"]
[Date "2021.05.08"]
[Round "4"]
[White "FUNG, JAYDEN:K05-16706456"]
[Black "HU, ANDREW:K05-30094774"]
[Result "0-1"]
[ICCResult "White resigns"]
[WhiteElo "761"]
[BlackElo "1135"]
[Opening "Sicilian: Labourdonnais-Löwenthal variation"]
[ECO "B32"]
[NIC "SI.32"]
[Time "17:31:42"]
[PlyCount "96"]
[TimeControl "1500+5"]

1. e4 c5 2. Nf3 Nc6 3. d4 cxd4 4. Nxd4 e5 5. Nb5 Bb4+ 6. c3 Bc5 7. b4 Be7
8. Nd6+ Bxd6 9. Qxd6 Nf6 10. Qd3 d5 11. exd5 Nxd5 12. Be2 a6 13. a4 Be6 14.
Ba3 O-O 15. Nd2 Qg5 16. O-O-O Nf4 17. Qf3 Bd5 18. Ne4 Bxe4 19. Qxe4 Nxe2+
20. Kb2 Nf4 21. g3 Nh3 22. f4 exf4 23. gxf4 Qxf4 24. Qg2 Qf2+ 25. Qxf2 Nxf2
26. b5 Nxd1+ 27. Rxd1 Rfd8 28. Rxd8+ Nxd8 29. bxa6 bxa6 30. c4 Nc6 31. Kb3
Rb8+ 32. Kc3 f5 33. Bd6 Rd8 34. c5 Kf7 35. Kc4 Ke6 36. Kd3 Kd7 37. Ke3 a5
38. Kf4 g6 39. h4 Re8 40. h5 Re4+ 41. Kg5 Rg4+ 42. Kh6 gxh5 43. Kxh5 Rg1
44. Kh6 Rf1 45. Kxh7 f4 46. Kg6 f3 47. Kh5 f2 48. Bg3 Rh1+ { White resigns
} 0-1

[Event "ICC tourney 2556 (25 5)"]
[Site "Internet Chess Club"]
[Date "2021.05.08"]
[Round "4"]
[White "KALE, VIHAAN:K05-16144616"]
[Black "GASINSKY, JACOB:K05-16624648"]
[Result "1-0"]
[ICCResult "Black resigns"]
[WhiteElo "1175"]
[BlackElo "807"]
[Opening "QGA: 3.e4"]
[ECO "D20"]
[NIC "QG.04"]
[Time "17:34:28"]
[PlyCount "65"]
[TimeControl "1500+5"]

1. d4 d5 2. c4 dxc4 3. e4 e6 4. Bxc4 Nf6 5. Nc3 Bb4 6. e5 Ne4 7. Ne2 O-O 8.
O-O Nxc3 9. bxc3 Be7 10. Qc2 c5 11. Bd3 cxd4 12. cxd4 f6 13. Bxh7+ Kh8 14.
Bd3 fxe5 15. dxe5 Qd5 16. Nf4 Qxe5 17. Ng6+ Kg8 18. Nxe5 Bd6 19. Bh7+ Kh8
20. Ng6+ Kxh7 21. Nxf8+ Kg8 22. Ng6 Bd7 23. Rd1 Bc5 24. Rxd7 Nxd7 25. Bb2
Rc8 26. Ne7+ Bxe7 27. Qxc8+ Nf8 28. Qc3 Bf6 29. Qb3 Kf7 30. Qxb7+ Be7 31.
Ba3 Ng6 32. Bxe7 Nxe7 33. Rd1 { Black resigns } 1-0

[Event "ICC tourney 2556 (25 5)"]
[Site "Internet Chess Club"]
[Date "2021.05.08"]
[Round "4"]
[White "WUERTELE, MILES:K05-16262564"]
[Black "SAI POTHABATHULA, RAHUL:K05-17274526"]
[Result "0-1"]
[ICCResult "White checkmated"]
[WhiteElo "819"]
[BlackElo "1154"]
[Opening "Four knights: Scotch, 4...exd4"]
[ECO "C47"]
[NIC "KP.06"]
[Time "17:33:26"]
[PlyCount "56"]
[TimeControl "1500+5"]

1. e4 e5 2. Nf3 Nc6 3. Nc3 Nf6 4. d4 exd4 5. Nxd4 d5 6. Nxc6 bxc6 7. exd5
cxd5 8. Bb5+ Bd7 9. Bxd7+ Qxd7 10. O-O Bc5 11. Re1+ Kf8 12. Bg5 Rd8 13.
Bxf6 gxf6 14. Re2 Kg7 15. Rd2 c6 16. Na4 Bd6 17. c4 Rhg8 18. b3 Kh8 19. Rc1
dxc4 20. Rxc4 Bxh2+ 21. Kxh2 Qxd2 22. Qxd2 Rxd2 23. Rxc6 Rxf2 24. Kh3 Rfxg2
25. Rxf6 R2g5 26. Kh4 Rg1 27. Rg6 R8xg6 28. Kh3 Rh6# { White checkmated }
0-1

[Event "ICC tourney 2556 (25 5)"]
[Site "Internet Chess Club"]
[Date "2021.05.08"]
[Round "4"]
[White "NIEUWERBURGH, HENRY:K05-16089188"]
[Black "RAJESH, DHRUV:K05-17236526"]
[Result "1-0"]
[ICCResult "Black checkmated"]
[WhiteElo "1297"]
[BlackElo "910"]
[Opening "Ruy Lopez: classical defense, Boden variation"]
[ECO "C64"]
[NIC "RL.01"]
[Time "17:31:58"]
[PlyCount "97"]
[TimeControl "1500+5"]

1. e4 e5 2. Nf3 Nc6 3. Bb5 Bc5 4. c3 Qe7 5. O-O d6 6. d4 a6 7. Bxc6+ bxc6
8. dxc5 dxc5 9. Re1 Nf6 10. Bg5 O-O 11. Nh4 h6 12. Bxf6 Qxf6 13. Nf3 Bg4
14. h3 Bh5 15. Nbd2 Bxf3 16. Nxf3 Qg6 17. Nxe5 Qe6 18. Nf3 Qg6 19. Qd2 f5
20. exf5 Rxf5 21. Nh4 Qf6 22. Nxf5 Qxf5 23. Re7 Rc8 24. Qd7 Qxd7 25. Rxd7
Rb8 26. b3 Rb7 27. Re1 Kh7 28. Ree7 Rb5 29. Rxg7+ Kh8 30. Rge7 Rb8 31. Rxc7
Kg8 32. Rg7+ Kh8 33. Rh7+ Kg8 34. Rcg7+ Kf8 35. Rh8+ Kxg7 36. Rxb8 Kf6 37.
Rc8 Ke5 38. Rxc6 Kd5 39. Rxa6 Ke4 40. Rxh6 Kd3 41. a4 Kxc3 42. a5 Kb4 43.
a6 Kxb3 44. a7 c4 45. a8=Q c3 46. Qc8 c2 47. Rb6+ Ka2 48. Qxc2+ Ka3 49.
Qb3# { Black checkmated } 1-0

[Event "ICC tourney 2556 (25 5)"]
[Site "Internet Chess Club"]
[Date "2021.05.08"]
[Round "4"]
[White "SHARMA, SUNEET:K05-16802074"]
[Black "BLACKWOOD, ZAHIR:K05-16439887"]
[Result "1-0"]
[ICCResult "Black checkmated"]
[WhiteElo "847"]
[BlackElo "487"]
[Opening "Two knights defense"]
[ECO "C57"]
[NIC "KP.01"]
[Time "17:33:10"]
[PlyCount "37"]
[TimeControl "1500+5"]

1. e4 e5 2. Nf3 Nc6 3. Bc4 Nf6 4. Ng5 d5 5. exd5 Qd7 6. dxc6 bxc6 7. Nxf7
Be7 8. Nxh8 Qf5 9. d3 Bc5 10. Qf3 Qg6 11. Qxc6+ Bd7 12. Qxa8+ Ke7 13. Nxg6+
hxg6 14. Bg5 Kd6 15. Bxf6 gxf6 16. Qd5+ Ke7 17. Qf7+ Kd6 18. Qxf6+ Be6 19.
Qxe6# { Black checkmated } 1-0

[Event "ICC tourney 2556 (25 5)"]
[Site "Internet Chess Club"]
[Date "2021.05.08"]
[Round "4"]
[White "SENTHIL, ADITYA:K05-16653164"]
[Black "POLICELLI, CYRUS:K05-16341942"]
[Result "1/2-1/2"]
[ICCResult "Game drawn because neither player has mating material"]
[WhiteElo "1237"]
[BlackElo "863"]
[Opening "Giuoco Piano"]
[ECO "C54"]
[NIC "IG.02"]
[Time "17:33:13"]
[PlyCount "95"]
[TimeControl "1500+5"]

1. e4 e5 2. Nf3 Nc6 3. Bc4 Bc5 4. c3 Nf6 5. d4 exd4 6. cxd4 Bb4+ 7. Bd2
Bxd2+ 8. Nbxd2 O-O 9. O-O Re8 10. Re1 d6 11. a3 Bg4 12. b4 Nxd4 13. Re3
Nxf3+ 14. Nxf3 Rxe4 15. Rxe4 Nxe4 16. Qd5 Bxf3 17. Qxf7+ Kh8 18. Qxf3 Nd2
19. Qd3 Nxc4 20. Qxc4 Qf6 21. Re1 Rf8 22. f3 h6 23. Qxc7 Rf7 24. Qc8+ Kh7
25. Qe6 Qd4+ 26. Qe3 Qxe3+ 27. Rxe3 Kg6 28. Kf2 Kf6 29. Rd3 Ke5 30. Ke3 Rf5
31. g3 Rh5 32. h4 Ke6 33. Ke4 d5+ 34. Ke3 Re5+ 35. Kd2 Kf5 36. a4 g5 37.
hxg5 hxg5 38. Re3 Rxe3 39. Kxe3 Ke5 40. f4+ gxf4+ 41. gxf4+ Kf5 42. Kd4
Kxf4 43. Kxd5 Ke3 44. Kd6 Kd3 45. a5 Kc3 46. Kc7 Kxb4 47. Kxb7 Kxa5 48.
Kxa7 { Game drawn because neither player has mating material } 1/2-1/2

[Event "ICC tourney 2556 (25 5)"]
[Site "Internet Chess Club"]
[Date "2021.05.08"]
[Round "4"]
[White "WILLIAMS, VICTORIA:K05-16958116"]
[Black "GOTETI, ISHAN:K05-17016988"]
[Result "0-1"]
[ICCResult "White checkmated"]
[WhiteElo "118"]
[BlackElo "516"]
[Opening "Queen's pawn game"]
[ECO "D00"]
[NIC "QP.08"]
[Time "17:34:33"]
[PlyCount "98"]
[TimeControl "1500+5"]

1. d4 d5 2. e3 Nf6 3. Qd2 e6 4. Bd3 Nc6 5. Nf3 Bd6 6. g3 Nb4 7. Ng1 Nxd3+
8. cxd3 O-O 9. f4 Qe7 10. Nc3 Bb4 11. a3 Bd6 12. e4 dxe4 13. dxe4 c5 14.
dxc5 Bxc5 15. e5 Bxg1 16. Rxg1 Nd7 17. Ne4 Nb6 18. Nc3 Bd7 19. b3 Bc6 20.
a4 Rad8 21. Qe2 Qb4 22. Bd2 Qxb3 23. Nd1 Qd5 24. Ne3 Qd4 25. Rg2 Qxa1+ 26.
Kf2 Bxg2 27. Kxg2 Qd4 28. Ng4 Qxd2 29. Qxd2 Rxd2+ 30. Kf3 h5 31. Nf2 Rxf2+
32. Kxf2 Rc8 33. Kf3 Nxa4 34. h3 Rc3+ 35. Ke2 Rxg3 36. Kf2 Rxh3 37. Kg2 Rd3
38. Kf2 Rd4 39. f5 exf5 40. Kf3 Re4 41. Kf2 Rxe5 42. Kg3 b5 43. Kf2 b4 44.
Kf1 b3 45. Kg1 b2 46. Kf1 b1=Q+ 47. Kf2 Qc2+ 48. Kf1 Rd5 49. Ke1 Rd1# {
White checkmated } 0-1

[Event "ICC tourney 2556 (25 5)"]
[Site "Internet Chess Club"]
[Date "2021.05.08"]
[Round "4"]
[White "SINHA, AANVI:K05-16964627"]
[Black "MUTHURAMAN, ADWAIYTH:K05-16450607"]
[Result "0-1"]
[ICCResult "White checkmated"]
[WhiteElo "103"]
[BlackElo "499"]
[Opening "Caro-Kann defense"]
[ECO "B15"]
[NIC "CK.05"]
[Time "17:33:53"]
[PlyCount "44"]
[TimeControl "1500+5"]

1. e4 c6 2. d4 d5 3. Nc3 e6 4. Nf3 Bb4 5. a3 Bxc3+ 6. bxc3 dxe4 7. Ne5 Nf6
8. Nxf7 Kxf7 9. Be2 Re8 10. O-O Kg8 11. Bf4 Qa5 12. Qd2 Nd5 13. Bxb8 Rxb8
14. Qd3 exd3 15. cxd3 Nxc3 16. Bd1 e5 17. Bb3+ Be6 18. Bc2 exd4 19. Rab1
Nxb1 20. Bxb1 Qg5 21. Re1 Bh3 22. Kf1 Qxg2# { White checkmated } 0-1

[Event "ICC tourney 2556 (25 5)"]
[Site "Internet Chess Club"]
[Date "2021.05.08"]
[Round "4"]
[White "SINGHAL, MEENAKSHI:K05-16551160"]
[Black "LIU, DAVID:K05-15646077"]
[Result "0-1"]
[ICCResult "White checkmated"]
[WhiteElo "603"]
[BlackElo "1100"]
[Opening "Giuoco Pianissimo: Italian four knights variation"]
[ECO "C46"]
[NIC "KP.06"]
[Time "17:33:30"]
[PlyCount "70"]
[TimeControl "1500+5"]

1. e4 e5 2. Nf3 Nc6 3. Nc3 Bc5 4. Bc4 Nf6 5. d3 d6 6. h3 h6 7. O-O O-O 8.
Nh4 Nd4 9. Rb1 a5 10. Nb5 c6 11. Nxd4 Bxd4 12. Qf3 b5 13. Bb3 a4 14. Qg3
axb3 15. cxb3 Be6 16. Bxh6 Nh5 17. Qf3 Qxh4 18. a4 bxa4 19. bxa4 gxh6 20.
b4 Qf4 21. Qxh5 Rxa4 22. b5 Rc8 23. b6 Rb8 24. b7 Ra7 25. Qd1 Raxb7 26. Rc1
c5 27. Qa4 Rb2 28. Rc2 Kh7 29. h4 Bb3 30. Qa7 Bxc2 31. Qd7 Kg7 32. Qxd6
Bxd3 33. Qd5 Bxf2+ 34. Rxf2 Rb1+ 35. Rf1 Rxf1# { White checkmated } 0-1

[Event "ICC tourney 2556 (25 5)"]
[Site "Internet Chess Club"]
[Date "2021.05.08"]
[Round "4"]
[White "SHASTI RAVISHANKAR, SEIYON:K05-17047610"]
[Black "MICHAEL KAGAN, BENYAMIN:K05-30083267"]
[Result "1-0"]
[ICCResult "Black checkmated"]
[WhiteElo "705"]
[BlackElo "301"]
[Opening "Van't Kruijs opening"]
[ECO "A00"]
[Time "17:33:30"]
[PlyCount "53"]
[TimeControl "1500+5"]

1. e3 e5 2. Nf3 Nc6 3. Bc4 Nh6 4. O-O Bc5 5. Nc3 d6 6. d3 O-O 7. e4 Bg4 8.
h3 Bxf3 9. gxf3 Qf6 10. Nd5 Qg6+ 11. Kh2 Rac8 12. Bb5 a6 13. Bxc6 Qe6 14.
Bxb7 Rb8 15. Nxc7 Qd7 16. Nxa6 Rxb7 17. Bg5 Ra7 18. Nb8 Rxb8 19. c3 Rxb2
20. d4 exd4 21. cxd4 Ba3 22. Rc1 Rxa2 23. Rb1 Rb2 24. Rxb2 Bxb2 25. Qb3
Bxd4 26. Qb8+ Qe8 27. Qxe8# { Black checkmated } 1-0

[Event "ICC tourney 2556 (25 5)"]
[Site "Internet Chess Club"]
[Date "2021.05.08"]
[Round "4"]
[White "RAGHAV JEGAN, ASHWIN:K05-16548454"]
[Black "MAASAI DANIELS, INDIGO:K05-30096534"]
[Result "0-1"]
[ICCResult "White checkmated"]
[WhiteElo "668"]
[BlackElo "1100"]
[Opening "Giuoco Piano: four knights variation"]
[ECO "C46"]
[NIC "KP.06"]
[Time "17:34:35"]
[PlyCount "44"]
[TimeControl "1500+5"]

1. e4 e5 2. Nf3 Nc6 3. Nc3 Bc5 4. Bc4 Nf6 5. O-O O-O 6. h3 Ne7 7. d3 c6 8.
Bg5 Ng6 9. h4 h6 10. Bxf6 Qxf6 11. h5 Nf4 12. g3 Nxh5 13. Kg2 b5 14. Bb3 d6
15. Rh1 Qg6 16. Ne1 Nf4+ 17. Kf1 Bh3+ 18. Ng2 Bxg2+ 19. Kg1 Qxg3 20. d4 Qg6
21. dxc5 Bh3+ 22. Kh2 Qg2# { White checkmated } 0-1

[Event "ICC tourney 2556 (25 5)"]
[Site "Internet Chess Club"]
[Date "2021.05.08"]
[Round "4"]
[White "CHAN, ARTHUR:K05-30015869"]
[Black "BEARD, THEO:K05-16437551"]
[Result "0-1"]
[ICCResult "White checkmated"]
[WhiteElo "862"]
[BlackElo "521"]
[Opening "King's Indian: 5.Nf3"]
[ECO "E90"]
[NIC "KI.21"]
[Time "17:33:25"]
[PlyCount "160"]
[TimeControl "1500+5"]

1. d4 g6 2. e4 d6 3. c4 Bg7 4. Nf3 Nf6 5. Nc3 O-O 6. Bd3 h6 7. O-O Bg4 8.
Nd5 Nc6 9. Nxf6+ Bxf6 10. Bxh6 Re8 11. h3 Bxf3 12. Qxf3 Nxd4 13. Qd1 Kh7
14. Be3 Bg7 15. b4 Kg8 16. c5 dxc5 17. bxc5 b6 18. cxb6 cxb6 19. Bxd4 Bxd4
20. Bb5 Bxa1 21. Bxe8 Qxd1 22. Bxf7+ Kxf7 23. Rxd1 Be5 24. f3 Bf4 25. Kf2
a6 26. g3 Be5 27. f4 Bf6 28. e5 Bg7 29. g4 a5 30. Rb1 Rb8 31. a4 Bh6 32. g5
Bg7 33. Ke3 Ke6 34. Ke4 Kd7 35. Kd5 e6+ 36. Ke4 Kc6 37. Kd4 b5 38. Rc1+ Kd7
39. Rb1 Kc6 40. Kd3 Kd5 41. Ke3 Kc6 42. Kd4 Kc7 43. axb5 Rd8+ 44. Kc4 Kb6
45. Ra1 Ra8 46. Ra2 a4 47. Kb4 a3 48. h4 Bf8+ 49. Kc4 Ra4+ 50. Kb3 Rxf4 51.
Rxa3 Bxa3 52. Kxa3 Rxh4 53. Kb3 Kxb5 54. Ka3 Kc5 55. Kb3 Kd5 56. Ka3 Kxe5
57. Kb3 Kf5 58. Kc3 Kxg5 59. Kb3 e5 60. Kc3 e4 61. Kd2 Rh3 62. Ke2 e3 63.
Ke1 Rh2 64. Kf1 e2+ 65. Ke1 Kf4 66. Kd2 g5 67. Ke1 g4 68. Kd2 g3 69. Ke1 g2
70. Kd2 g1=Q 71. Kd3 e1=Q 72. Kc4 Qgf1+ 73. Kd4 Qe3+ 74. Kd5 Qff3+ 75. Kc4
Qfe4+ 76. Kb5 Rh5+ 77. Ka6 Qe6+ 78. Kb7 Rh7+ 79. Ka8 Qa6+ 80. Kb8 Qe8# {
White checkmated } 0-1

[Event "ICC tourney 2556 (25 5)"]
[Site "Internet Chess Club"]
[Date "2021.05.08"]
[Round "4"]
[White "S MORGAN, LAKSHMI:K05-16867525"]
[Black "SHAHINYAN, INNA:K05-17114472"]
[Result "1/2-1/2"]
[ICCResult "Game drawn by mutual agreement"]
[WhiteElo "1108"]
[BlackElo "635"]
[Opening "Two knights defense"]
[ECO "C56"]
[NIC "KP.02"]
[Time "17:31:52"]
[PlyCount "42"]
[TimeControl "1500+5"]

1. e4 e5 2. Nf3 Nc6 3. Bc4 Nf6 4. d4 exd4 5. O-O Nxe4 6. Re1 d5 7. Bd3 Bf5
8. Nbd2 Bb4 9. a3 Bxd2 10. Nxd2 O-O 11. Nxe4 dxe4 12. Bxe4 Bxe4 13. Rxe4
Re8 14. Rxe8+ Qxe8 15. Bf4 Rc8 16. Qg4 Qe6 17. Qg3 Re8 18. h3 Ne5 19. Rd1
c5 20. Kh1 Ng6 21. Bd6 Rc8 { Game drawn by mutual agreement } 1/2-1/2

[Event "ICC tourney 2556 (25 5)"]
[Site "Internet Chess Club"]
[Date "2021.05.08"]
[Round "4"]
[White "T LI, JUSTIN:K05-16435402"]
[Black "RAJAMANIKANDAN, DHAVA:K05-15601294"]
[Result "0-1"]
[ICCResult "White checkmated"]
[WhiteElo "511"]
[BlackElo "877"]
[Opening "King's pawn game"]
[ECO "C50"]
[NIC "IG.03"]
[Time "17:32:02"]
[PlyCount "62"]
[TimeControl "1500+5"]

1. e4 e5 2. Nf3 Nc6 3. Bc4 h6 4. Nc3 Nf6 5. d4 exd4 6. Nxd4 Nxd4 7. Qxd4 c5
8. Qd1 g6 9. Bf4 Bg7 10. e5 Nh5 11. Bg3 Nxg3 12. fxg3 O-O 13. Qg4 d5 14.
Qd1 dxc4 15. Qg4 Bxg4 16. Kf1 Qd2 17. Re1 Qxc2 18. Ne2 Bxe2+ 19. Rxe2 Qxe2+
20. Kxe2 Rae8 21. Kd2 Rxe5 22. Rf1 Rd8+ 23. Kc2 Re2+ 24. Kb1 Rxb2+ 25. Kc1
Rxa2 26. Kb1 Ra1+ 27. Kc2 Rxf1 28. g4 Rd3 29. h4 Rf2+ 30. Kc1 Ra3 31. Kb1
Ra1# { White checkmated } 0-1

[Event "ICC tourney 2556 (25 5)"]
[Site "Internet Chess Club"]
[Date "2021.05.08"]
[Round "4"]
[White "NANNAPANENI, SAHARSH:K05-16276626"]
[Black "SAHASRABUDHE, KIAN:K05-17071227"]
[Result "1-0"]
[ICCResult "Black checkmated"]
[WhiteElo "743"]
[BlackElo "121"]
[Opening "Queen's pawn game"]
[ECO "D00"]
[NIC "QP.08"]
[Time "17:33:42"]
[PlyCount "51"]
[TimeControl "1500+5"]

1. d4 d5 2. e3 e6 3. f4 Nf6 4. Nf3 Bd6 5. Bd3 O-O 6. O-O Nbd7 7. Qe2 b6 8.
Nbd2 Bb7 9. Ne5 c5 10. c3 cxd4 11. exd4 Rc8 12. Rf3 Bb8 13. Rh3 h6 14. Ndf3
a6 15. Nxd7 Qxd7 16. Ne5 Qd8 17. Bxa6 Bxa6 18. Qxa6 Bxe5 19. fxe5 Ne4 20.
Qe2 f6 21. exf6 Qxf6 22. Be3 Qe7 23. Qg4 Kh8 24. Bxh6 Qf7 25. Bxg7+ Kg8 26.
Rh8# { Black checkmated } 1-0

[Event "ICC tourney 2556 (25 5)"]
[Site "Internet Chess Club"]
[Date "2021.05.08"]
[Round "4"]
[White "YANG, JON:K05-16665853"]
[Black "SCOLLON, OWEN:K05-17108421"]
[Result "0-1"]
[ICCResult "White checkmated"]
[WhiteElo "1086"]
[BlackElo "1513"]
[Opening "Petrov's defense"]
[ECO "C42"]
[NIC "RG.03"]
[Time "17:32:24"]
[PlyCount "60"]
[TimeControl "1500+5"]

1. e4 e5 2. Nf3 Nf6 3. Nxe5 Nc6 4. Nxc6 dxc6 5. Nc3 Bc5 6. Be2 h5 7. d3 Ng4
8. Bxg4 Bxg4 9. f3 Be6 10. Bf4 Qd4 11. Qd2 O-O-O 12. O-O-O Qb4 13. a3 Qa5
14. b4 Qxa3+ 15. Kb1 Bxb4 16. Qc1 Qxc3 17. Qb2 Rd4 18. Be5 Qxb2+ 19. Kxb2
Rd7 20. Bxg7 Rg8 21. Bd4 Rxd4 22. c3 Rxg2+ 23. Kc1 Bxc3 24. Rdg1 Rd2 25.
Rg8+ Kd7 26. Rd1 Rb2 27. Rd2 Rxd2 28. Kb1 Ra4 29. Rd8+ Kxd8 30. Kc1 Ra1# {
White checkmated } 0-1